 Dungeon Crawl Stone Soup version 0.17-a0-1733-ge90ece9 (webtiles) character file.

1073 TuckyLangle the Covert (level 8, -10/50 HPs)
             Began as an Octopode Assassin on Aug 29, 2015.
             Was a Follower of Okawaru.
             Mangled by an ogre
             ... wielding a cursed -1 giant spiked club
              (15 damage)
             ... on level 7 of the Dungeon.
             The game lasted 00:32:33 (6066 turns).

TuckyLangle the Covert (Octopode Assassin)          Turns: 6066, Time: 00:32:33

Health: -10/50     AC:  1    Str: 10    XL:     8   Next: 28%
Magic:  6/8        EV: 15    Int: 13    God:    Okawaru [*.....]
Gold:   218        SH:  0    Dex: 16    Spells: 0 memorised, 7 levels left

rFire  . . .     SeeInvis .     b - +0 blowgun
rCold  + . .     Clarity  .     (no shield)
rNeg   . . .     SustAt   +     (helmet restricted)
rPois  .         Gourm    .     m - amulet of stasis
rElec  .         Spirit   .     e - ring of sustain attributes
rCorr  .         Warding  .     i - ring of protection from cold
rMut   .         Stasis   +     (no ring)
MR     .....                    (no ring)
Stlth  +++++++...               (no ring)
                                (no ring)
                                (no ring)
                                (no ring)

@: not resistant to hostile enchantments, extremely stealthy
A: almost no armour, amphibious, 8 rings, constrict 8, camouflage 1, gelatinous
body 1
a: Heroism, Renounce Religion


You were on level 7 of the Dungeon.
You worshipped Okawaru.
Okawaru was aware of your devotion.
You were hungry.

You visited 2 branches of the dungeon, and saw 8 of its levels.

You collected 218 gold pieces.

Inventory:

Hand weapons
 b - a +0 blowgun (weapon)
 g - a +3 antimagic dagger
 o - a +3 short sword
 A - a +0 morningstar of protection
Missiles
 c - 19 poisoned needles (quivered)
 d - 2 curare-tipped needles
Jewellery
 e - a ring of sustain attributes (left tentacle)
 i - a ring of protection from cold (right tentacle)
 m - an amulet of stasis (around mantle)
Magical devices
 h - a wand of confusion (21)
 s - a wand of frost (27)
 w - a wand of random effects (37)
Scrolls
 a - 2 scrolls of random uselessness {unknown}
 q - 2 scrolls of remove curse
 y - a scroll of fear
 E - a scroll of amnesia
Potions
 j - a potion of flight {unknown}
 k - a potion of mutation
 l - 3 potions of poison {unknown}
 n - a potion of might {unknown}
 p - a potion of degeneration
 r - a potion of resistance
 t - a potion of cancellation
Books
 x - a book of Party Tricks

   Spells                             Type                      Level
   a - Summon Butterflies             Summoning                    1
   b - Apportation                    Translocation                1
   c - Tukima's Dance                 Hexes                        3
   d - Alistair's Intoxication        Transmutation/Poison         4
   e - Invisibility                   Hexes                        6
Comestibles
 f - 2 slices of pizza
 u - a meat ration
 v - 2 bread rations
 z - 7 fruits
 D - a royal jelly


   Skills:
 - Level 2.0 Fighting
 + Level 3.7 Short Blades
 - Level 2.0 Throwing
 * Level 5.1 Dodging
 - Level 11.4 Stealth


You had 7 spell levels left.
You didn't know any spells.

Dungeon Overview and Level Annotations

Branches:
Dungeon (7/15)             Temple (1/1) D:4

Altars:
Ashenzari
Cheibriados
Elyvilon
Fedhas
Gozag
Kikubaaqudgha
Makhleb
Nemelex Xobeh
Okawaru
Qazlal
Ru
Trog
Vehumet
Xom
Yredelemnul
Zin
The Shining One

Shops:
D:4 (

Annotations:
D:6 wearedevo's ghost, experienced DrCj


Innate Abilities, Weirdness & Mutations

You cannot wear most types of armour.
You are amphibious.
You can wear up to eight rings at the same time.
You can use your tentacles to constrict eight enemies at once.
Your skin changes colour to match your surroundings (Stealth).
Your rubbery body absorbs attacks (AC +1).


Message History

The ogre hits you with a giant spiked club!!
You see here a robe.
The ogre looks more healthy.
Firing (i - inventory. (,) - cycle):
c - 21 poisoned needles (quivered)
Press: ? - help, Shift-Dir - straight line, f/p - ogre
Aim: an ogre, wielding a giant spiked club (almost dead)
You shoot a poisoned needle.
The poisoned needle barely misses the ogre.
The ogre completely misses you.
The ogre hits you with a giant spiked club!!
Ouch! That really hurt!
* * * LOW HITPOINT WARNING * * *
Firing (i - inventory. (,) - cycle):
c - 20 poisoned needles (quivered)
Press: ? - help, Shift-Dir - straight line, f/p - ogre
Aim: an ogre, wielding a giant spiked club (almost dead)
You shoot a poisoned needle. The poisoned needle hits the ogre!
The ogre is poisoned.
The ogre is almost dead.
The ogre hits you with a giant spiked club!
You die...

######### ##
#.......####### #.
#.####........###.
#O####..####......
#@##.......#......
#.##.#..##.#......
#.##.#[.##........
#..[....####....#.
####....# #...###
##..(.####...###
#.......(.......
#.......####+###
#.....>.###...##


You could see an ogre.

Vanquished Creatures
  Sigmund (D:2)
  A hungry ghost (D:7)
  A phantom (D:5)
  2 ogres
  A wight (D:7)
  2 crimson imps
  A giant frog skeleton (D:4)
  2 hounds
  A centaur skeleton (D:4)
  A jelly (D:5)
  An orc priest (D:4)
  Terence (D:2)
  A worker ant (D:7)
  An iguana (D:7)
  2 hound zombies
  6 adders
  An ooze (D:2)
  2 worms (D:2)
  4 giant geckos
  4 orcs
  A ball python (D:1)
  5 giant cockroaches
  12 hobgoblins
  3 kobolds
  A quokka (D:4)
  6 bats
  7 giant newts
  9 goblins
  A jackal (D:3)
  8 rats
  3 plants (D:1)
92 creatures vanquished.

Notes
Turn   | Place    | Note
--------------------------------------------------------------
     0 | D:1      | TuckyLangle the Octopode Assassin began the quest for the Orb.
     0 | D:1      | Reached XP level 1. HP: 14/14 MP: 1/1
   105 | D:1      | Reached XP level 2. HP: 16/19 MP: 2/2
   163 | D:1      | Reached skill level 6 in Stealth
   890 | D:2      | Reached XP level 3. HP: 8/24 MP: 3/3
  1128 | D:2      | Reached skill level 7 in Stealth
  1257 | D:2      | Found a bloodstained altar of Trog.
  1277 | D:2      | Noticed Terence
  1292 | D:2      | Killed Terence
  1292 | D:2      | Reached XP level 4. HP: 6/29 MP: 4/4
  1423 | D:2      | Reached skill level 8 in Stealth
  1724 | D:2      | Noticed Sigmund
  1760 | D:2      | Killed Sigmund
  1760 | D:2      | Reached skill level 9 in Stealth
  1760 | D:2      | Reached XP level 5. HP: 34/34 MP: 5/5
  1760 | D:2      | Reached XP level 6. HP: 39/39 MP: 6/6
  1780 | D:2      | Reached skill level 10 in Stealth
  2157 | D:3      | Found a faded altar to an unknown god.
  2173 | D:3      | Found a shattered altar of Ashenzari.
  2231 | D:3      | Found a blossoming altar of Fedhas.
  2314 | D:3      | Found a sacrificial altar of Ru.
  2450 | D:3      | Found an iron altar of Okawaru.
  2627 | D:3      | Found an ancient bone altar of Kikubaaqudgha.
  3071 | D:4      | Reached skill level 11 in Stealth
  3127 | D:4      | Found Avaicopp's Weapon Shop.
  3199 | D:4      | Reached XP level 7. HP: 30/45 MP: 7/7
  3209 | D:4      | Found a sparkling altar of Nemelex Xobeh.
  3390 | D:4      | Found a staircase to the Ecumenical Temple.
  3422 | Temple   | Entered the Ecumenical Temple
  3658 | D:3      | Became a worshipper of Warmaster Okawaru
  3889 | D:5      | Entered Level 5 of the Dungeon
  4556 | D:6      | Found a stormy altar of Qazlal.
  4561 | D:6      | Noticed wearedevo's ghost (experienced DrCj)
  4571 | D:6      | HP: 1/45 [hound (5)]
  5155 | D:7      | Reached XP level 8. HP: 35/50 MP: 2/8
  5252 | D:7      | Found a white marble altar of Elyvilon.
  5487 | D:7      | Noticed a steam dragon
  5815 | D:7      | Noticed a hungry ghost
  5823 | D:7      | Killed a hungry ghost
  5823 | D:7      | Acquired Okawaru's first power
  5823 | D:7      | Reached skill level 5 in Dodging
  6066 | D:7      | Mangled by an ogre

Vault maps used:
D:1:      dpeg_arrival_erosion, serial_forest, infiniplex_forest_clump_C,
          infiniplex_forest_clump_diagonal, infiniplex_forest_lined_room_3,
          infiniplex_forest_lined_4_way, infiniplex_forest_end_double,
          infiniplex_forest_clump_medium, infiniplex_forest_straight_2,
          minivault_14
D:2:      bloody_trog, minmay_misc_feat_x, minmay_misc_feat_four_crosses,
          uniq_sigmund, uniq_terence
D:3:      grunt_temple_overflow_growth_and_decay, okawaru_trees_1,
          ashenzari_conservatory_becter, nicolae_ru_awakened_eye, first_bread,
          ecumenical_altar_1, minmay_close_crescents
D:4:      nemelex_deck, minmay_temple_entry_nine_rooms, serial_shops,
          shop_statue
D:6:      overflow_temple_1_default, old_standard_altar
D:7:      elyvilon_altar_4, hangedman_misty_isle
Temple:   temple_eino_lava_8

Action                   |  1- 3 |  4- 6 |  7- 9 || total
-------------------------+-------+-------+-------++-------
Melee: Dagger            |   124 |    55 |    66 ||   245
 Fire: Blowgun           |       |       |     4 ||     4
Evoke: Wand              |     1 |     1 |       ||     2
  Use: Scroll            |     3 |       |    12 ||    15
       Potion            |       |       |     6 ||     6
 Stab: Sleeping          |    24 |    10 |    11 ||    45
       Confused          |     1 |       |       ||     1
       Distracted        |       |     2 |     1 ||     3
  Eat: Bread ration      |     1 |       |       ||     1
       Meat ration       |       |     1 |     1 ||     2
       Chunk             |       |       |     1 ||     1
